 Dungeon Crawl Stone Soup version 0.29-a0-330-g52719c12eb (webtiles) character file.

Game seed: 17086642175127149458

400 kae the Changer (level 6, -2/47 HPs)
             Began as a Draconian Transmuter on May 18, 2022.
             Slain by an orc wizard
             ... wielding a +0 dagger
              (4 damage)
             ... on level 4 of the Dungeon.
             The game lasted 00:02:50 (4806 turns).

kae the Changer (Draconian Transmuter)              Turns: 4806, Time: 00:02:50

Health: -2/47      AC:  6    Str: 12    XL:     6   Next: 54%
Magic:  10/10      EV: 12    Int: 15    God:
Gold:   65         SH:  0    Dex: 18    Spells: 1/11 levels left

rFire   . . .      SeeInvis .   g - +0 dagger (venom)
rCold   . . .      Faith    .   (no shield)
rNeg    . . .      Spirit   .   (body armour unavailable)
rPois   .          Reflect  .   (helmet restricted)
rElec   .          Harm     .   (no cloak)
rCorr   .          Rampage  .   (no gloves)
Will    .....                   (no boots)
Stlth   ++........              (no amulet)
HPRegen 0.15/turn               b - +6 ring of dexterity
MPRegen 0.12/turn               (no ring)

@: hasted, invisible, very quick
A: AC +6, unfitting armour, cold-blooded
a: no special abilities


You were on level 4 of the Dungeon.
You visited 1 branch of the dungeon, and saw 4 of its levels.

You collected 206 gold pieces.
You spent 141 gold pieces at shops.

Inventory:

Hand Weapons
 g - a +0 dagger of venom (weapon)
Jewellery
 b - a +6 ring of dexterity (left hand)
Wands
 c - a wand of acid (18)
 h - a wand of digging (8)
Scrolls
 i - a scroll of teleportation
 n - 2 scrolls of holy word
 o - 2 scrolls of identify
 p - a scroll of enchant armour {unknown}
Potions
 a - 2 potions of cancellation
 d - 2 potions of might {unknown}
 e - 3 potions of degeneration
 f - 6 potions of heal wounds {unknown}
 j - a potion of brilliance
 k - a potion of curing
 m - 2 potions of haste
 q - 2 potions of attraction {unknown}
 r - a potion of flight {unknown}


   Skills:
 - Level 1.1 Fighting
 - Level 1.7 Dodging
 + Level 4.2 Unarmed Combat
 + Level 3.3 Spellcasting
 * Level 4.6 Transmutations
 * Level 1.5 Ice Magic
 - Level 2.1 Poison Magic


You had one spell level left.
You knew the following spells:

 Your Spells              Type           Power      Damage    Failure   Level
a - Beastly Appendage     Tmut           32%        N/A       2%          1
b - Wereblood             Tmut           16%        N/A       4%          2
c - Spider Form           Tmut/Pois      12%        N/A       14%         3
d - Ice Form              Ice/Tmut       11%        N/A       47%         4

Your spell library contained the following spells:

 Spells                   Type           Power      Damage    Failure   Level
 Blink                    Tloc           4%         N/A       30%         2
 Lesser Beckoning         Tloc           2%         N/A       52%         3
 Manifold Assault         Tloc           2%         N/A       99%         5


Dungeon Overview and Level Annotations

Branches:
Dungeon (4/15)
 Temple: D:4-7

Altars:
Qazlal

Shops:
D:2 *   D:4 *


Innate Abilities, Weirdness & Mutations

Your plain brown scales are hard. (AC +6)
You cannot fit into any form of body armour.
You are cold-blooded and may be slowed by cold attacks.


Message History

* * * LOW HITPOINT WARNING * * *
It was a potion of haste.
You feel yourself speed up. Something hits you.
* * * LOW HITPOINT WARNING * * *
The orc priest closely misses you.
The orc priest hits you with a +1 falchion of holy wrath.
* * * LOW HITPOINT WARNING * * *
The orc barely misses you.
You feel better.
You feel better. Something hits you but does no damage.
The orc priest hits you from afar with a +0 trident.
The orc priest closely misses you. The orc closely misses you.
You hit the orc priest.
The orc priest looks as sick as possible!
The orc priest is moderately wounded.
Something barely misses you.
The orc priest hits you from afar with a +0 trident.
The orc priest invokes the aid of Beogh against you.
Beogh smites you!
* * * LOW HITPOINT WARNING * * *
The orc misses you.
You hit the orc.
The orc is moderately wounded.
You barely miss the orc priest.
The orc priest is heavily wounded.
The orc priest completely misses you. The orc hits you but does no damage.
You hit the orc priest but do no damage.
The orc priest looks as sick as possible!
The orc priest is heavily wounded.
The orc priest mumbles some strange prayers to Beogh against something.
The orc priest hits you with a +1 falchion of holy wrath!
* * * LOW HITPOINT WARNING * * *
The orc barely misses you.
You hit the orc priest but do no damage.
The orc priest looks as sick as possible!
The orc priest is heavily wounded.
You hit the orc priest.
The orc priest looks as sick as possible!
The orc priest is severely wounded.
Something hits you.
You die...

# #...........
#
###...........
#
#.............
#
#.#..#'#.....
# #.#..#.#
.... #
#.#..#.# # . #
#.#..#o#####.#
#
#.#...)......#
#.#@##.#######
#.#oo).#
#.#........
#.#........
#.####### #.#
#.# #.#


You could see 2 orc priests and an orc (can't see you).

Vanquished Creatures
  A black bear (D:3)
  An ogre (D:4)
  A jelly (D:4)
  An orc priest (D:4)
  Jessica (D:2)
  2 adders (D:3)
  A worm (D:3)
  2 dart slugs
  12 orcs
  13 ball pythons
  5 bats
  9 endoplasms
  4 giant cockroaches
  6 goblins
  4 hobgoblins
  11 jackals
  8 kobolds
  3 quokkas (D:1)
  2 frilled lizards
  13 rats
100 creatures vanquished.

Notes
Turn   | Place    | Note
-------+----------+-------------------------------------------
     0 | D:1      | kae the Draconian Transmuter began the quest for the Orb.
     0 | D:1      | Reached XP level 1. HP: 16/16 MP: 3/3
   224 | D:1      | Reached XP level 2. HP: 3/23 MP: 5/5
   569 | D:1      | Learned a level 2 spell: Wereblood
  1452 | D:2      | Reached XP level 3. HP: 16/28 MP: 4/6
  1741 | D:2      | Found the +7 staff of the Meek {protect, meekguard}
  1761 | D:2      | Found Udghirew's General Store.
  1777 | D:2      | Bought a scroll of teleportation for 33 gold pieces
  2634 | D:3      | Noticed Jessica
  2689 | D:2      | Killed Jessica
  2690 | D:2      | Reached XP level 4. HP: 17/35 MP: 5/8
  2951 | D:2      | Learned a level 3 spell: Spider Form
  3235 | D:3      | Noticed a black bear
  3245 | D:3      | Killed a black bear
  3246 | D:3      | Reached skill level 1 in Poison Magic
  3246 | D:3      | Reached XP level 5. HP: 21/40 MP: 9/9
  3685 | D:3      | Found a faded altar of an unknown god.
  3961 | D:3      | Identified the +2 chain mail of the Vacuum {rC- rN++ Will+
                  | rCorr}
  4228 | D:4      | Found Homeapid's General Store.
  4239 | D:4      | Bought 2 potions of curing for 72 gold pieces
  4239 | D:4      | Bought a scroll of identify for 24 gold pieces
  4239 | D:4      | Bought a potion of degeneration for 12 gold pieces
  4309 | D:4      | Reached XP level 6. HP: 47/47 MP: 10/10
  4317 | D:4      | Learned a level 4 spell: Ice Form
  4414 | D:4      | Reached skill level 1 in Ice Magic
  4717 | D:4      | Found a stormy altar of Qazlal.
  4804 | D:4      | HP: 2/47 [orc priest/+1 falchion of holy wrath (7)]
  4806 | D:4      | Slain by an orc wizard

Illustrated notes

Levels and vault maps discovered:
D:1:      wander_arrival_fairy_ring, layout_loops_ring, serial_bayou_pond_d,
          minmay_surrounded
D:2:      layout_basic, serial_shops, shop, minmay_pentomino_w4
D:3:      layout_loops_corners, hellmonk_ecumenical_altar_run_dry,
          kennysheep_generic_room_6, uniq_jessica
D:4:      layout_basic, nicolae_overflow_hidden_temple,
          nicolae_qazlal_scattered_showers, serial_shops, nicolae_shop_stone,
          serial_corexii_hall, chequers_hall_statues_y,
          chequers_hall_statues_corner_a

Skill      XL: |  1  2  3  4  5  6 |
---------------+-------------------+-----
Transmutations | 3 4 |  4.6
Spellcasting   | 3 |  3.3
Poison Magic   | 1 2 |  2.1
Unarmed Combat | 4 |  4.2
Ice Magic      | 1 |  1.5
Fighting       | |  1.1
Dodging        | |  1.7

Action                   |  1- 3 |  4- 6 || total
-------------------------+-------+-------++-------
Melee: Unarmed           |    86 |     7 ||    93
       Kick              |    12 |    22 ||    34
       Tailslap          |    10 |    15 ||    25
       Headbutt          |     8 |    19 ||    27
       Dagger            |    62 |    97 ||   159
       Punch             |     2 |       ||     2
 Cast: Beastly Appendage |    29 |    20 ||    49
       Spider Form       |       |     1 ||     1
  Use: Potion            |     1 |     4 ||     5
       Scroll            |     3 |     4 ||     7
 Stab: Distracted        |     1 |       ||     1
Armor: Skin              |    72 |    43 ||   115
Dodge: Dodged            |   122 |    95 ||   217

Table legend: (Time is in decaauts)
 A = Elapsed time spent in this place.
 B = Non-inter-level travel time spent in this place.
 C = Inter-level travel time spent in this place.
 D = Time resting spent in this place.
 E = Time spent auto-exploring this place.
 F = Levels seen in this place.
 G = Mean time per level.
                   A        B        C        D        E       F      G
               +--------+--------+--------+--------+--------+-----+--------+
         Total |   4800 |   4777 |     23 |    657 |   3421 |   4 | 1200.0 |
       Dungeon |   4800 |   4777 |     23 |    657 |   3421 |   4 | 1200.0 |
               +--------+--------+--------+--------+--------+-----+--------+

Top non-repeatable levels by time:
     D:2: 1429 daAuts
     D:1: 1423 daAuts
     D:3: 1267 daAuts
     D:4: 680 daAuts
